 Dungeon Crawl Stone Soup version 0.30.2 (webtiles) character file.

Game seed: 3654368271518093121

8 Nonny the Trooper (level 2, 0/19 HPs)
             Began as a Kobold Fighter on Apr 13, 2024.
             Slain by a kobold
             ... wielding a +0 whip
              (2 damage)
             ... on level 1 of the Dungeon.
             The game lasted 00:03:01 (375 turns).

Nonny the Trooper (Kobold Fighter)                   Turns: 375, Time: 00:03:02

Health: 0/19       AC:  6    Str: 13    XL:     2   Next: 15%
Magic:  2/2        EV: 10    Int:  9    God:
Gold:   0          SH:  4    Dex: 14    Spells: 1/1 levels left

rFire   . . .        a - +0 rapier
rCold   . . .        c - +0 buckler
rNeg    . . .        b - +0 scale mail
rPois   .            (no helmet)
rElec   .            (no cloak)
rCorr   .            (no gloves)
SInv    .            (no boots)
Will    .....        (no amulet)
Stlth   +            (no ring)
HPRegen 0.23/turn    (no ring)
MPRegen 0.08/turn

%: no passive effects
@: no status effects
A: small, no large weapons, nightstalker 3
a: no special abilities


You were on level 1 of the Dungeon.
You visited 1 branch of the dungeon, and saw 1 of its levels.

Inventory:

Hand Weapons
 a - a +0 rapier (weapon)
 h - a +0 dagger
Missiles
 e - 14 stones (quivered)
Armour
 b - a +0 scale mail (worn)
 c - a +0 buckler (worn)
Scrolls
 f - a scroll of blinking {unknown}
 g - a scroll of identify {unknown}
Potions
 d - a potion of might


   Skills:
 - Level 3.2 Fighting
 + Level 2.7 Short Blades
 * Level 2.7 Armour
 * Level 0.6 Stealth
 + Level 2.5 Shields


You had one spell level left.
You didn't know any spells.
Your spell library was empty.

Dungeon Overview and Level Annotations

Branches:
Dungeon (1/15)

Altars:


Innate Abilities, Weirdness & Mutations

You are small and have problems with some larger weapons.
You are completely attuned to the shadows.


Message History

You kill the quokka!
g - a scroll labelled TOT XUGUWEXE You see here a +0 dagger.
h - a +0 dagger A hobgoblin comes into view.
The hobgoblin shouts!
You hit the hobgoblin but do no damage. You block the hobgoblin's attack.
An endoplasm comes into view.
You closely miss the hobgoblin. The hobgoblin misses you.
You barely miss the hobgoblin. The hobgoblin hits you.
You closely miss the hobgoblin.
The endoplasm quivers.
The hobgoblin hits you but does no damage.
A kobold comes into view. It is wielding a +0 whip.
You puncture the hobgoblin!
You kill the hobgoblin!
The endoplasm hits you.
You have reached level 2!
You hit the endoplasm but do no damage.
The endoplasm hits you but does no damage.
You hit the endoplasm.
The endoplasm is lightly wounded.
The endoplasm hits you but does no damage.
The kobold hits you but does no damage. You block the endoplasm's attack.
You hit the endoplasm but do no damage.
The endoplasm is lightly wounded.
The kobold closely misses you. The endoplasm freezes you.
You are frozen.
You hit the endoplasm.
The endoplasm is almost dead.
You block the kobold's attack. The endoplasm freezes you.
You are frozen.
You hit the endoplasm.
You kill the endoplasm!
The kobold hits you with a +0 whip.
* * * LOW HITPOINT WARNING * * *
You hit the kobold but do no damage. The kobold hits you with a +0 whip.
You die...

. #### ... #......#
.## #....... ..######
#....... ...#...
.....#...K...
.#.#.####....#..@...#
.#...#.......#.######
.###...#.....#.# .#
#...#.......# .#
#...#.......# .#
#...........# .#
#.#.........# .#
#.#>........# ### .#
#.#.........#########
#..


You could see a kobold.

Vanquished Creatures
  An endoplasm (D:1)
  2 hobgoblins (D:1)
  A quokka (D:1)
  A frilled lizard (D:1)
  A kobold (D:1)
  2 rats (D:1)
8 creatures vanquished.

Notes
Turn   | Place    | Note
-------+----------+-------------------------------------------
     0 | D:1      | Nonny the Kobold Fighter began the quest for the Orb.
     0 | D:1      | Reached XP level 1. HP: 14/14 MP: 1/1
    13 | D:1      | Starting vault: trees and water.
   370 | D:1      | Reached XP level 2. HP: 15/19 MP: 2/2
   375 | D:1      | Slain by a kobold

Illustrated notes

###+##
#≈~.~#
#~♣.♣#
#♣~..+
♣.@♣#
#♣..♣#
#~.♣~#
#..♣~#
#<.~♣#
#####


Turn 13 on D:1: Starting vault: trees and water.

Levels and vault maps discovered:
D:1:      tarquinn_simple_flora_water_f, layout_basic,
          ebering_ecumenical_altar_rust

Action                     || total
---------------------------++-------
  Melee: Rapier            ||    31
   Stab: Sleeping          ||     1
 Armour: Scale mail        ||     9
  Dodge: Dodged            ||     8
  Block: Buckler           ||     7
